Cogmind - Beta 14 @@@ ROGUE MODE // 2024.11.14 @ 03:22:42 Player: Fangrelle Result: Destroyed by G-47 Trooper with Particle Gun Performance ------------- Evolutions (2) 1000 Regions Visited (5) 1000 Robots Destroyed (72) 360 Value Destroyed (1981) 1981 Prototype IDs (27) 540 Alien Tech Used (0) 0 Bonus (358) 358 TOTAL SCORE: 5239 Bonus ------- Follower Combat Kills 76 Aligned with FarCom 300 Friendly Fire -18 Cogmind --------- Core Integrity 0/550 Matter 337/500 Energy 246/265 System Corruption 1% Temperature Cool (76) Movement Core (1650) Ox32 Location -8/Materials Parts ------- > --- POWER (1) -------- Improved Ion Engine > --- PROPULSION (2) --- (None) > --- UTILITY (6) ------ Improved Heat Sink Huge Storage Unit High-capacity Matter Pod Signal Interpreter Improved Signal Interpreter Utility Shielding > --- WEAPON (2) ------- Advanced Beam Rifle Advanced Beam Rifle > --- INVENTORY (25) --- Nuclear Core Aerolev Unit High-capacity Matter Pod (0) System Shield Advanced Beam Rifle Advanced Beam Rifle Advanced Beam Rifle YOLO Cannon Flak Cannon Flak Cannon Flak Cannon Flak Cannon Flak Cannon Advanced EMP Blaster Advanced EMP Blaster Advanced EMP Blaster Advanced EMP Blaster Advanced EMP Blaster Mini Grenade Launcher Mini Grenade Launcher Mini Grenade Launcher Mini Grenade Launcher Datajack Mining Laser Peak State ------------ > --- POWER ------------ Nuclear Core > --- PROPULSION ------- Light Treads Light Treads > --- UTILITY ---------- Improved Heat Sink Huge Storage Unit High-capacity Matter Pod Signal Interpreter Improved Signal Interpreter Utility Shielding > --- WEAPON ----------- Advanced Beam Rifle Advanced Beam Rifle > --- INVENTORY -------- Nuclear Core Aerolev Unit Advanced Beam Rifle Advanced Beam Rifle Advanced Beam Rifle Advanced Beam Rifle Advanced Beam Rifle YOLO Cannon Flak Cannon Flak Cannon Flak Cannon Flak Cannon Flak Cannon Advanced EMP Blaster Advanced EMP Blaster Advanced EMP Blaster Advanced EMP Blaster Advanced EMP Blaster Mini Grenade Launcher Mini Grenade Launcher Mini Grenade Launcher Mini Grenade Launcher Datajack Mining Laser [Rating: 32] Favorites ----------- Power Ion Engine Engine Ion Engine Power Core Nuclear Core Propulsion Light Treads Treads Light Treads Leg Aluminum Leg Wheel Compact Wheel Hover Unit Aerolev Unit Utility Huge Storage Unit Device Seismic Detector Storage Huge Storage Unit Processor Improved Signal Interpreter Protection Light Armor Plating Weapon Heavy EM Pulse Gun Energy Gun Heavy EM Pulse Gun Ballistic Gun Assault Rifle Ballistic Cannon Flak Cannon Launcher Mini Grenade Launcher Impact Weapon Hammer Build | -11 -10 -10 -10 -9 -8 ------- Run | Yrd Mat Min Exi Min Mat Slots Evolved 4 | . . . . . 4 Power . | . . . . . . Propulsion . | . . . . . . Utility 4 | . . . . . 4 Weapon . | . . . . . . Parts Attached 66 | . 17 6 . . 43 Power 7 | . . 1 . . 6 Engine 4 | . . 1 . . 3 Core 3 | . . . . . 3 Reactor . | . . . . . . Propulsion 7 | . 2 . . . 5 Treads 4 | . 2 . . . 2 Leg . | . . . . . . Wheel 2 | . . . . . 2 Hover 1 | . . . . . 1 Flight . | . . . . . . Utility 15 | . 4 . . . 11 Device 5 | . 1 . . . 4 Storage 3 | . 2 . . . 1 Processor 3 | . . . . . 3 Hackware . | . . . . . . Protection 4 | . 1 . . . 3 Artifact . | . . . . . . Weapon 37 | . 11 5 . . 21 Energy Gun 19 | . 4 3 . . 12 Energy Cannon . | . . . . . . Ballistic Gun 4 | . 3 . . . 1 Ballistic Cannon 2 | . . . . . 2 Launcher 8 | . 2 . . . 6 Special Weapon . | . . . . . . Impact Weapon 4 | . 2 2 . . . Slashing Weapon . | . . . . . . Piercing Weapon . | . . . . . . Special Melee Weapon . | . . . . . . Unidentified Prototypes 4 | . . . . . 4 Parts Lost 25 | . 3 1 . . 21 Power 5 | . . 1 . . 4 Propulsion 7 | . 2 . . . 5 Utility 6 | . . . . . 6 Weapon 7 | . 1 . . . 6 Highest Loss Streak 9 | . 1 1 . . 9 To Critical Strikes . | . . . . . . Average Slot Usage (%) 94 | . 97 97 100 100 84 Engine 11 | . 14 11 14 14 6 Treads 22 | . 23 28 28 28 13 Leg 1 | . 4 . . . . Device 5 | . 10 . . . 8 Storage 13 | . 14 14 14 14 11 Processor 3 | . . . . . 12 Protection 10 | . 2 14 14 14 13 Energy Gun 21 | . 17 27 28 28 14 Ballistic Gun 2 | . 6 . . . . Peak Build Rating 32 | . 11 11 14 14 32 Average Rating 14 | . 9 10 12 14 24 On Entrance 10 | 6 6 11 11 14 14 Naked Turns . | . . . . . . Heaviest Build 104 | 13 94 94 94 94 104 Greatest Support 40 | 20 40 40 40 40 40 Greatest Overweight (x) 31 | . 2 2 2 2 31 Average Overweight (x) 2 | . 1 2 2 2 4 Largest Inventory Capacity 25 | . 25 25 25 25 25 Average Capacity 24 | . 21 25 25 25 25 Most Carried 25 | . 15 19 24 25 25 Average Carried 17 | . 10 16 22 24 21 Final Capacity 25 | 8 25 25 25 25 25 Final Carried 25 | 6 15 19 24 25 25 Class Distribution -------------------- 84% | Mutant 14% | Scavenger-Mutant Dominant Class ---------------- Mutant | -10/Materials Mutant | -10/Mines Mutant | -10/Exiles Mutant | -9/Mines Scavenger-Mutant | -8/Materials Resources | -11 -10 -10 -10 -9 -8 ----------- Run | Yrd Mat Min Exi Min Mat Matter Collected 1515 | 200 428 362 . . 525 Remotely . | . . . . . . Salvage Created 2335 | . 920 139 . 49 1227 Parts 124 | . 53 8 . 6 57 Haulers Intercepted 3 | . 1 . . . 2 Recyclers Shooed 1 | . 1 . . . . Parts Field Recycled . | . . . . . . Retrieved Matter . | . . . . . . Parts Self-Destructed . | . . . . . . Prevented . | . . . . . . Kills | -11 -10 -10 -10 -9 -8 ------- Run | Yrd Mat Min Exi Min Mat Combat Hostiles Destroyed 49 | . 18 6 . 3 22 Melee 3 | . 2 1 . . . Guns 23 | . 12 2 . 1 8 Cannons 6 | . . . . . 6 AOE 11 | . 1 1 . 2 7 Classes Destroyed 13 | . 9 . . . 4 Worker 3 | . 2 . . . 1 Builder 4 | . 1 . . . 3 Tunneler 1 | . 1 . . . . Hauler 3 | . 1 . . . 2 Recycler 2 | . 1 . . . 1 Operator 3 | . 2 . . . 1 Watcher 7 | . 3 . . . 4 Swarmer 12 | . 6 3 . 3 . Grunt 31 | . 12 3 . . 16 Brawler 1 | . . . . . 1 Duelist 1 | . . . . . 1 Sentry 3 | . . . . . 3 Hunter 1 | . . . . . 1 Best Kill Streak 9 | . 5 3 . 3 9 Combat Bots Only 7 | . 3 3 . 3 7 Max Kills in Single Turn 3 | . 2 1 . 2 3 Gunslinging . | . . . . . . Exploded 2 | . 1 1 . 2 2 Melee 1 | . 1 1 . . . Uniques/NPCs Destroyed . | . . . . . . Combat | -11 -10 -10 -10 -9 -8 -------- Run | Yrd Mat Min Exi Min Mat Hostile Shots Fired 292 | . 84 32 . 18 158 Missed 79 | . 26 12 . 5 36 Damage Taken 3008 | . 655 201 . 108 2044 Core 719 | . 146 10 . 8 555 Absorbed by Shields . | . . . . . . Redirected to Shielding 113 | . . . . . 113 Core Remaining (%) 67 | 100 . . . 34 . Volleys Fired 182 | . 89 7 . 7 79 Largest 2 | . 2 2 . 2 2 Hottest 122 | . 90 90 . 90 122 Shots Fired 339 | . 172 14 . 14 139 Gun 285 | . 167 14 . 14 90 Cannon 34 | . . . . . 34 Launcher 20 | . 5 . . . 15 Special . | . . . . . . Kinetic 148 | . 110 . . . 38 Thermal 72 | . 2 . . . 70 Explosive 14 | . 5 . . . 9 Electromagnetic 105 | . 55 14 . 14 22 Robot Hit Streak 14 | . 10 6 . 3 14 Robot Miss Streak 11 | . 6 2 . 11 9 Penetration Max . | . . . . . . Secondary Targets 1 | . . . . . 1 Max Gunslinging Chain 1 | . . . . . 1 Shots Hit Robots 217 | . 110 19 . 2 86 Core Hits 126 | . 37 4 . 3 82 Critical Kills . | . . . . . . Critical Parts Destroyed 3 | . 1 2 . . . Critical Strikes 12 | . 2 3 . . 7 Burn 7 | . . . . . 7 Corrupt 2 | . 1 1 . . . Smash 3 | . 1 2 . . . Melee Attacks 38 | . 21 17 . . . Impact 38 | . 21 17 . . . Slashing . | . . . . . . Piercing . | . . . . . . Sneak Attacks . | . . . . . . Combat Hostiles . | . . . . . . Follow-up Attacks 7 | . 5 2 . . . Damage Inflicted 5238 | . 2044 413 . 109 2672 Guns 2604 | . 1487 92 . 25 1000 Cannons 599 | . . . . . 599 Explosions 1331 | . 139 35 . 84 1073 Melee 704 | . 418 286 . . . Ramming . | . . . . . . Kinetic 1516 | . 883 . . . 633 Thermal 1062 | . 162 35 . 84 781 Explosive 518 | . . . . . 518 Electromagnetic 1438 | . 581 92 . 25 740 Impact 704 | . 418 286 . . . Slashing . | . . . . . . Piercing . | . . . . . . Highest Corruption 1 | . . . . . 1 Average Corruption 1 | . . . . . 1 Corruption Purged . | . . . . . . Corruption Blocked . | . . . . . . Effects 6 | . . . . . 6 Message Errors 2 | . . . . . 2 Matter Fused 2 | . . . . . 2 Energy Discharges 1 | . . . . . 1 Data Loss (minor) 1 | . . . . . 1 Overload Shots . | . . . . . . Overflow Damage 157 | . 107 45 . . 5 Projectiles . | . . . . . . Explosions 14 | . 9 . . . 5 Melee 143 | . 98 45 . . . Knockbacks 15 | . 1 1 . . 13 Impact 2 | . 1 1 . . . Kinetic 13 | . . . . . 13 Secondary . | . . . . . . Self-Inflicted Damage 89 | . 15 . . . 74 Shots 6 | . 1 . . . 5 Rammed . | . . . . . . Targets Rammed . | . . . . . . Kicked . | . . . . . . Crushed . | . . . . . . Highest Temperature 273 | . 201 195 . 273 194 Average Temperature 63 | . 65 84 . 139 47 Received Heat Transfer 1446 | . 273 84 . . 1089 Siege Activations . | . . . . . . Robots Corrupted 7 | . 4 2 . . 1 Combat Hostiles 6 | . 3 2 . . 1 Parts Fried 14 | . 10 3 . . 1 Impact Corruptions 11 | . 8 3 . . . Robots Melted . | . . . . . . Combat Hostiles . | . . . . . . Parts Melted 4 | . . . . . 4 Heat Transferred 2272 | . 100 50 . 50 2072 Parts Sabotaged . | . . . . . . Parts Stolen . | . . . . . . Parts Stripped . | . . . . . . Power Chain Reactions 6 | . 3 1 . 1 1 Alert | -11 -10 -10 -10 -9 -8 ------- Run | Yrd Mat Min Exi Min Mat Peak Influence 320 | . 251 65 . 80 320 Initial 26 | . . 26 . . . Average 59 | . 80 13 . 39 94 Maximum Alert Level 1 | . 1 . . . 1 Low Security (%) 91 | . 96 100 . 100 72 Level 1 8 | . 3 . . . 27 Level 2 . | . . . . . . Level 3 . | . . . . . . Level 4 . | . . . . . . Level 5 . | . . . . . . High Security . | . . . . . . Max Security . | . . . . . . Squads Dispatched 8 | . 4 . . . 4 Investigation 4 | . 2 . . . 2 Extermination . | . . . . . . Reinforcement 4 | . 2 . . . 2 Assault . | . . . . . . Garrison . | . . . . . . Intercept . | . . . . . . Searches Triggered . | . . . . . . Construction Impeded 1 | . . . . . 1 Haulers Reinforced . | . . . . . . Active Scanning Responses . | . . . . . . Cargo Convoy Interrupts . | . . . . . . Stealth | -11 -10 -10 -10 -9 -8 --------- Run | Yrd Mat Min Exi Min Mat Distress Signals 6 | . 3 2 . . 1 Communications Jammed . | . . . . . . Distress Signals . | . . . . . . Times Spotted 81 | . 29 7 . 4 41 Peak Tracking Total 5 | . 3 3 . 4 5 Tactical Retreats 1 | . . 1 . . . Traps | -11 -10 -10 -10 -9 -8 ------- Run | Yrd Mat Min Exi Min Mat Traps Triggered 3 | . 1 . . . 2 Indirectly 1 | . . . . . 1 Trap Hack Attempts . | . . . . . . Triggered . | . . . . . . Disarmed . | . . . . . . Reprogrammed . | . . . . . . Reused 1 | . . . . . 1 Traps Extracted . | . . . . . . Installed 3 | . . . . . 3 Triggered 1 | . . . . . 1 Most Traps Carried 3 | . . 3 3 3 3 Machines | -11 -10 -10 -10 -9 -8 ---------- Run | Yrd Mat Min Exi Min Mat Machines Disabled 5 | . 4 . . 1 . Max in Single Turn 1 | . 1 . . 1 . Machines Repaired . | . . . . . . Machines Dismantled . | . . . . . . Machines Sabotaged . | . . . . . . Overloaded Fab Kills . | . . . . . . Hacking | -11 -10 -10 -10 -9 -8 --------- Run | Yrd Mat Min Exi Min Mat Machines Accessed 12 | . 8 . 2 . 2 Terminals 7 | . 6 . . . 1 Fabricators . | . . . . . . Repair Stations . | . . . . . . Recycling Units 2 | . 2 . . . . Scanalyzers 1 | . . . . . 1 Garrison Access . | . . . . . . Total Hacks 50 | . 31 . 10 . 9 Successful 34 | . 17 . 10 . 7 Failed 16 | . 14 . . . 2 Catastrophic 1 | . . . . . 1 Database Lockouts . | . . . . . . Manual 29 | . 26 . 1 . 2 Terminals 27 | . 25 . . . 2 Fabricators . | . . . . . . Repair Stations . | . . . . . . Recycling Units 6 | . 6 . . . . Scanalyzers 7 | . . . . . 7 Garrison Access . | . . . . . . Terminal Hacks 11 | . 1 . 10 . . Record 9 | . . . 9 . . Terminal Index 1 | . 1 . . . . Derelict Proto ID Bank 1 | . . . 1 . . Fabricator Hacks . | . . . . . . Repair Station Hacks . | . . . . . . Recycling Unit Hacks 2 | . 2 . . . . Report Inventory 2 | . 2 . . . . Scanalyzer 7 | . . . . . 7 Insert Component 3 | . . . . . 3 Analyze 4 | . . . . . 4 Garrison Access Hacks . | . . . . . . Unauthorized Hacks 14 | . 14 . . . . Terminals 13 | . 13 . . . . Assimilate 6 | . 6 . . . . Botnet 6 | . 6 . . . . Operators 1 | . 1 . . . . Fabricators . | . . . . . . Repair Stations . | . . . . . . Recycling Units 1 | . 1 . . . . Tunnel 1 | . 1 . . . . Scanalyzers . | . . . . . . Garrison Access . | . . . . . . Data Cores Recovered . | . . . . . . Used . | . . . . . . Hacking Detections 10 | . 8 . . . 2 Full Trace Events 1 | . 1 . . . . Feedback Events . | . . . . . . Feedback Blocked . | . . . . . . Robot Schematics Acquired . | . . . . . . Robots Built . | . . . . . . Authchips . | . . . . . . Time . | . . . . . . Total Robot Build Rating . | . . . . . . Part Schematics Acquired 3 | . . . . . 3 Parts Built . | . . . . . . Authchips . | . . . . . . Time . | . . . . . . Total Part Build Rating . | . . . . . . Parts Repaired . | . . . . . . Time . | . . . . . . Parts Recycled . | . . . . . . Recycled Matter . | . . . . . . Retrieved Matter . | . . . . . . Retrieved Components . | . . . . . . Parts Scanalyzed 3 | . . . . . 3 Part Schematics Acquired 3 | . . . . . 3 Parts Damaged 1 | . . . . . 1 Bothacking | -11 -10 -10 -10 -9 -8 ------------ Run | Yrd Mat Min Exi Min Mat Used RIF Installer . | . . . . . . Robots Hacked . | . . . . . . Non-combat . | . . . . . . Combat . | . . . . . . Robot Hacks Applied . | . . . . . . Relay Couplers Released . | . . . . . . Fabnet Peak Effective % . | . . . . . . Robots Rewired . | . . . . . . Allies Hacked . | . . . . . . Hacks Repelled . | . . . . . . Allies | -11 -10 -10 -10 -9 -8 -------- Run | Yrd Mat Min Exi Min Mat Total Allies 3 | . . . . 3 . Largest Group 3 | . . . . 3 3 Highest-Rated Group 40 | . . . . 40 40 Highest-Rated Ally 16 | . . . . 16 16 Total Orders . | . . . . . . Ally Attacks 36 | . . . . . 36 Total Damage 300 | . . . . . 300 Kills 3 | . . . . . 3 Allies Corrupted . | . . . . . . Allies Melted . | . . . . . . Intel | -11 -10 -10 -10 -9 -8 ------- Run | Yrd Mat Min Exi Min Mat Robot Analysis Total . | . . . . . . Derelict Logs Recovered 3 | . . 2 . 1 . Drone Launches . | . . . . . . Drone Recoveries . | . . . . . . Exploration | -11 -10 -10 -10 -9 -8 ------------- Run | Yrd Mat Min Exi Min Mat Turns Passed 9374 | . 2750 2782 692 764 2386 Spaces Moved 2692 | 1 899 833 216 227 516 Core 29 | . . . . . 29 Treads 2357 | . 653 833 216 227 428 Legs 247 | 1 246 . . . . Wheels 59 | . . . . . 59 Hover . | . . . . . . Flight . | . . . . . . Fastest Speed 120 | 120 120 320 320 320 175 Average Speed 312 | 120 260 320 320 320 384 Slowest Speed 1600 | 120 320 320 320 320 1600 Overloaded Moves . | . . . . . . Propulsion Burnouts . | . . . . . . Robots Hopped . | . . . . . . Cave-ins Triggered . | . . . . . . Exploration Rate (%) 59 | 1 97 100 61 58 39 Regions Visited 5 Branch Regions 3 Pre-discovered Areas 1 | . 1 . . . . Known Exits Taken . | . . . . . . Unknown Exits Taken 5 | 1 1 1 1 1 . Scrap Searched 1 | . . 1 . . . Spaces Dug 56 | . 31 . . . 25 Terrain Destroyed 152 | . 62 5 . 5 80 Melee . | . . . . . . Projectile . | . . . . . . AOE 152 | . 62 5 . 5 80 Terrain Rammed . | . . . . . . Walls Destroyed . | . . . . . . Machines Disabled . | . . . . . . Actions | -11 -10 -10 -10 -9 -8 --------- Run | Yrd Mat Min Exi Min Mat Total 3264 | . 1102 908 219 252 783 Wait 201 | . 55 42 . 18 86 Move 2687 | . 898 832 215 226 516 Hop . | . . . . . . Pick Up 56 | . 18 5 4 1 28 Fast Attach 20 | . 3 1 . . 16 Attach 22 | . 4 . . . 18 Detach 6 | . . . . . 6 Swap 24 | . 10 5 . . 9 Drop 32 | . 9 1 . . 22 Fire 182 | . 89 7 . 7 79 Melee 31 | . 16 15 . . . Ram . | . . . . . . Kick . | . . . . . . Crush . | . . . . . . Escape Stasis . | . . . . . . Rewire . | . . . . . . Trap 3 | . . . . . 3 Miscellaneous . | . . . . . . Route ------- -11/Scrapyard -10/Materials (discovered 5 exits: [*Mat x3] / [*Min] / [*Sub]) -10/Mines (discovered 4 exits: [*Mat x2] / *Exi / [*Sub]) -10/Exiles -9/Mines -8/Materials (discovered 2 exits: *Sto x2) History --------- Turn | Location | Event 1 | -11/Scrapyard | Discovered new exit (range 0) 1 | -11/Scrapyard | Entered Materials 316 | -10/Materials | Build established: Mutant 333 | -10/Materials | Discovered new exit (range 4) 597 | -10/Materials | Core integrity fell below 50% 725 | -10/Materials | Discovered new exit (range 7) 1055 | -10/Materials | Discovered new exit (range 8) 2208 | -10/Materials | Discovered new exit (range 14) 2629 | -10/Materials | Discovered new exit (range 10) 2751 | -10/Materials | Entered Mines 2868 | -10/Mines | Discovered new exit (range 16) 2926 | -10/Mines | Learned Materials non-interactive machine intel 3108 | -10/Mines | Learned Materials stockpile data 3254 | -10/Mines | Discovered new exit (range 8) 3367 | -10/Mines | YI-UF0 nonchalantly dropped a Grenade Launcher on the ground 3408 | -10/Mines | Discovered new exit (range 14) 3630 | -10/Mines | Excavation squad dispatched 3630 | -10/Mines | A large section of the Mines collapsed 4134 | -10/Mines | Found a hidden stash of uninstalled traps 5517 | -10/Mines | Deemed a non-threat by the Exiles lab entrance 5517 | -10/Mines | Discovered new exit (range 5) 5533 | -10/Mines | Entered Exiles 5620 | -10/Exiles | Met 8R-AWN 5674 | -10/Exiles | Met EX-HEX 5773 | -10/Exiles | Met EX-BIN 5815 | -10/Exiles | Aligned with FarCom system 5818 | -10/Exiles | Given EX-Vault access code 5892 | -10/Exiles | Opened EX-Vault 5914 | -10/Exiles | Found YOLO Cannon 5979 | -10/Exiles | Warned to stay clear of 0b10 Research branches 6022 | -10/Exiles | Exiles lab attacked by MAIN.C 6187 | -10/Exiles | Discovered new exit (range 14) 6225 | -10/Exiles | Left Exiles lab with YOLO Cannon 6225 | -10/Exiles | Entered Mines 6419 | -9/Mines | Assembled infested the area 6424 | -9/Mines | Assisted by a Guerilla fighting off Assembled 6527 | -9/Mines | Learned 2 Materials zone layouts 6774 | -9/Mines | Discovered new exit (range 15) 6819 | -9/Mines | Assisted by bots powering up and referring to "LRC-V3" 6989 | -9/Mines | Entered Materials 6989 | -8/Materials | Accompanied by 3 allies 6989 | -8/Materials | Evolved 4 slots: Utility x4 6990 | -8/Materials | Identified exit to Storage 6992 | -8/Materials | Loaded intel: 33 non-interactive machine locations 7250 | -8/Materials | Lost 3 allies 7307 | -8/Materials | Lost 9 parts (1p1n2u5w) 7408 | -8/Materials | Lost 3 parts (2p1n) 7529 | -8/Materials | Core integrity fell below 50% 8266 | -8/Materials | Build established: Scavenger-Mutant 8620 | -8/Materials | Destroyed 7 combat bots 8620 | -8/Materials | Lost 3 parts (1p2u) 8654 | -8/Materials | Core integrity fell below 20% 9317 | -8/Materials | Discovered exit to Storage (range 9) 9375 | -8/Materials | Destroyed by G-47 Trooper with Particle Gun Last Messages --------------- 09267_ Acquired 12 matter. 09271_ K-01 Serf collects debris. 09280_ Acquired 5 matter. 09280_ K-01 Serf collects debris. 09306_ Dropped Adv. Beam Rifle. 09306_ Acquired System Shield. 09317_ EXIT=FOUND: STORAGE 09317_ Lgt. Treads destroyed. 09320_ Heat Sink melted. 09320_ Y-45 Defender destroyed. 09320_ K-01 Serf collects debris. 09327_ TC4L2GKL#,COJO9 9RPWRDX GK=E2T5TE 09328_ K-01 Serf collects debris. 09366_ Triggered Alarm Trap. 09366_ An alarm sounds. 09366_ ALERT: Alarm triggered, dispatching investigation squad. 09371_ G-47 Trooper suffers critical hit (Burn). 09371_ Lgt. Treads destroyed. 09373_ Critical hit (Burn: +37). 09375_ U-05 Engineer lays Concrete. Map ----- +----------------------------------------------------+ | ????????????????# *= + """"" ??# "" | | ????????????????# [! ### """ ? # " | | ????????????????# ####### #?# ???# | | ????????????????############# #??? ????###### | | ???????????????????#[ "" # ######+########### | | ???????????????????# ""S # !![ T | | ???????????????????# "" # ! / | | ???????????????????# + [[ = | | ???????????????????#[ # %==% ^ | | ???????????????????# """ # = ![% = | | ???????????????????# """ # %= *%!########## | | ???????????????????# """ #%* !*# ! = | | ???????????????????# #!![ % # ] | | ???????????????????##########| =*= """ + ]] | | ????????????????????????????#*!!%! "" = # | | ????????????????????????????#=!!= """% # ] | | ?????????????? ##########*!!% """ # | | ?????????????? = ! # ] | | ?????????????? k # | | ?????????????? ########## | | ?????????????? = #### ###+###########????????? | | ??????????????????????# ## #??????????????? | | ??????????????????????# ## #??????????????? | | ??????????????????????# ## =#??????????????? | | ??????????????????????#u ##[ [ #??????????????? | | ??????????????????????# @## #????"""???????? | | ?????????????????????## ## #????"""???????? | | ?????????????????????# #####/##????"""???????? | | ?????"""?"""?????????# g #??????????????? | | ?????"""?"""?????????# %>g +????"""???????? | | ?????"""?"""?????????# = #?=??"""???????? | | ?????????????????????# # #????"""???????? | | ?????????????????????#######k #??????????????? | | ???????????????????????????# #??????????????? | | ???????????????????????????# #??????????????? | | ???????????????????????????# #??????????????? | | ???????????????????????????# #??????????????? | | ???????????????????????????# #????????"""?""" | | ???????????????????????????# #????????"""?""" | | ???????????????????????????# #????????"""?""" | | ????????????????"??????????# #??????????????? | | ???????????????"""?????????# #??????????????? | | ???????????????"""?????????# #??????????????? | | ???????????????"""?????????? ???????????????? | | ???????????????""??????????? ?????????????????? | | ???????????????"""???????????????????????????????? | | ????????????????""???????????????????????????????? | | ???????????????"""???????????????????????????????? | | ????????????????"????????????????"""?????????????? | | ?????????????????????????????????"""???????????""" | +----------------------------------------------------+ Best States ------------- Heat Dissipation 45 Energy Generation 14 Energy Capacity 265 Matter Stores 332 Matter Capacity 500 Sight Range 16 Terrain Scan Range 16 Terrain Scan Density 10 Armor Coverage 150 Propulsion Shielding 33 Utility Shielding 33 Evasion (%) 55 Recoil Reduction 2 Item Schematics ----------------- Adv. Beam Rifle | -8/Materials | Scanalyzed Adv. EMP Blaster | -8/Materials | Scanalyzed Mni. Grenade Launcher | -8/Materials | Scanalyzed Robot Schematics ------------------ None Fabricated ------------ Nothing Alien Tech Used ----------------- None Achievements -------------- None Challenges ------------ None Game ------ Seed RecoilTransportNanovents Manual? 0 Play Time 00:37:10 Cumulative 67.4 hours Start 2024.11.14 @ 02:33:39 End 2024.11.14 @ 03:22:42 Sessions 1 Manual Loads 0 Difficulty Rogue Special Mode None Game No. 114 Rogue 114 Adventurer 0 Explorer 0 Win Type - Total 0 Types 0/0/0/0/0/0/0/0/0 Lore% 40 Gallery% 35 Achievement% 34 Wizard Run 0 Options --------- Layout 0 ASCII 0 Keyboard 0 Movement Mouse Keybinds 0 Fullscreen 1 Font 24/Smallcaps Map View 91x25 Zoom Use 91% Tactical HUD 1 Map Filters NONE Filters NONE Steam 1 RUN: 7d7b1899-2032-486a-b5ad-fb769a75446e